 Dungeon Crawl Stone Soup version 0.23.2 (webtiles) character file.

Game seed: 1581947158096932934

2287 Borgoz the Cutter (level 9, -4/81 HPs)
             Began as a Gargoyle Gladiator on Apr 8, 2019.
             Was a Follower of Ashenzari.
             Slain by an orc warrior
             ... wielding a +0 dire flail
              (9 damage)
             ... on level 8 of the Dungeon.
             The game lasted 00:09:19 (7355 turns).

Borgoz the Cutter (Gargoyle Gladiator)              Turns: 7355, Time: 00:09:20

Health: -4/81      AC: 13    Str: 23    XL:     9   Next: 39%
Magic:  9/9        EV: 15    Int:  9    God:    Ashenzari [*.....]
Gold:   466        SH:  0    Dex: 14    Spells: 8/8 levels left

rFire    . . .     SeeInvis .   h - +3 dagger
rCold    . . .     Gourm    .   (no shield)
rNeg     + . .     Faith    .   b - +0 leather armour
rPois    ∞         Spirit   .   c - +0 helmet
rElec    +         Reflect  .   n - +0 cloak
rCorr    .         Harm     .   (no gloves)
MR       .....                  k - +0 pair of boots
Stlth    ..........             (no amulet)
HPRegen  0.23/turn              (no ring)
MPRegen  0.11/turn              (no ring)

@: berserking (expiring), very quick
A: negative energy resistance 1, electricity resistance, unbreathing,
petrification resistance, rot immunity, AC +6
a: Curse Item, Scrying, Renounce Religion


You were on level 8 of the Dungeon.
You worshipped Ashenzari.
Ashenzari was aware of your devotion.
You were not hungry.

You visited 2 branches of the dungeon, and saw 9 of its levels.

You collected 466 gold pieces.

Inventory:

Hand Weapons
 a - a +0 rapier
 h - a +3 dagger (weapon)
 w - a +0 dagger of venom
Armour
 b - a +0 leather armour (worn)
 c - a +0 helmet (worn)
 k - a +0 pair of boots (worn)
 n - a +0 cloak (worn)
Jewellery
 u - a cursed ring of attention
 y - an uncursed ring of wizardry
 B - the ring "Ysaezasko" {rElec rC+ rN+ Str+2 Int+3}
   (You found it on level 6 of the Dungeon)

   [ring of intelligence]

   It affects your strength (+2).
   It affects your intelligence (+3).
   It protects you from cold.
   It insulates you from electricity.
   It protects you from negative energy.
Wands
 z - a wand of disintegration (13)
 C - a wand of random effects (19)
 F - a wand of scattershot (5)
Scrolls
 d - a scroll of enchant armour {unknown}
 e - 7 scrolls of identify {unknown}
 g - 3 scrolls of random uselessness {unknown}
 i - 3 scrolls of teleportation {unknown}
 m - 3 scrolls of remove curse
 o - 2 scrolls of magic mapping {unknown}
 p - 4 scrolls of amnesia {unknown}
 r - 2 scrolls of fear {unknown}
 s - a scroll of immolation {unknown}
 x - a scroll of torment {unknown}
 D - a scroll of fog {unknown}
 H - a scroll of blinking {unknown}
 I - a scroll of summoning {unknown}
Potions
 j - a potion of magic {unknown}
 l - 2 potions of heal wounds {unknown}
 q - a potion of berserk rage
 t - 3 potions of curing {unknown}
 v - a potion of brilliance {unknown}
 A - a potion of agility {unknown}
 E - 2 potions of flight {unknown}
 G - 2 potions of degeneration {unknown}
 J - a potion of ambrosia {unknown}
 K - a potion of mutation {unknown}
Comestibles
 f - 15 rations


   Skills:
 + Level 5.4 Fighting
 * Level 6.6 Short Blades
 - Level 1.7 Throwing
 + Level 4.7 Armour
 * Level 6.0 Dodging
 + Level 5.3 Stealth


You had 8 spell levels left.
You didn't know any spells.
Your spell library contained the following spells:

 Spells                   Type           Power        Failure   Level  Hunger
 Magic Dart               Conj           #...         43%         1    ##.....


Dungeon Overview and Level Annotations

Branches:
Dungeon (8/15)             Temple (1/1) D:5
   Lair: D:8-11

Altars:
Ashenzari
Cheibriados
Dithmenos
Fedhas
Hepliaklqana
Kikubaaqudgha
Makhleb
Okawaru
Qazlal
Ru
Sif Muna
Trog
Uskayaw
Vehumet
Wu Jian
Xom
Yredelemnul
Zin
The Shining One

Annotations:
D:3 2 transporters


Innate Abilities, Weirdness & Mutations

You are resistant to torment.
Your stone body is resilient. (AC +6)
You are immune to poison.
You resist negative energy. (rN+)
You are resistant to electric shocks. (rElec)
You can survive without breathing.
You are immune to petrification.
You are immune to rotting.


Message History

Your Dodging skill increases to level 6!
You puncture the orc!
You kill the orc!
The orc warrior hits you with a +0 dire flail.
* * * LOW HITPOINT WARNING * * *
Items here: $ ))))) [[[ ††† Your leather armour prevents you from hitting the orc warrior.
You hit the orc warrior.
The orc warrior is lightly wounded.
The orc warrior hits you with a +0 dire flail!
* * * LOW HITPOINT WARNING * * *
You hit the orc warrior.
The orc warrior is moderately wounded.
You hit the orc warrior.
The orc warrior is moderately wounded.
The orc priest casts a cantrip, but nothing happens.
You puncture the orc warrior!
The orc warrior is severely wounded.
The orc warrior hits you with a +0 dire flail!
You die...

#.# #.######
#.#.....o
#.#....o.###
#.#..oooooo# #.#
{#o# #.#{ {#o#
#.#{{ #@#
#####.#### ##.#
###........# #..#
...........# #.##
.....##....####.#
....#...........#
#..#.....#.####.#
.###.....#.# #.#
..###....#.# ..#


You could see 2 orc warriors, an orc priest and an orc.

Vanquished Creatures
  A hippogriff (D:7)
  An orc warrior (D:8)
  A hornet zombie (D:6)
  2 phantoms (D:7)
  6 ogres
  A centaur (D:6)
  2 bullfrogs
  A gnoll sergeant (D:5)
  A scorpion (D:4)
  3 wights (D:6)
  A jelly (D:5)
  4 hounds
  A centaur skeleton (D:8)
  2 orc priests
  A bullfrog skeleton (D:3)
  An iguana (D:5)
  5 worker ants
  3 hound skeletons
  5 gnolls
  2 howler monkey skeletons
  15 adders
  3 shadow imps
  A worm (D:6)
  A dart slug (D:3)
  4 leopard geckos
  21 orcs
  3 ball pythons
  A giant cockroach (D:6)
  11 goblins
  6 hobgoblins
  8 jackals
  6 kobolds
  3 quokkas
  9 bats
  4 frilled lizards
  A giant cockroach zombie (D:6)
  2 goblin skeletons (D:8)
  2 goblin zombies (D:8)
  A hobgoblin zombie (D:8)
  A kobold skeleton (D:8)
  3 kobold zombies (D:8)
  A leopard gecko skeleton (D:5)
  A leopard gecko zombie (D:7)
  2 orc skeletons (D:8)
  6 rats
160 creatures vanquished.

Vanquished Creatures (others)
  5 toadstools (D:5)
5 creatures vanquished.

Grand Total: 165 creatures vanquished

Notes
Turn   | Place    | Note
-------+----------+-------------------------------------------
     0 | D:1      | Borgoz the Gargoyle Gladiator began the quest for the Orb.
     0 | D:1      | Reached XP level 1. HP: 12/12 MP: 1/1
   109 | D:1      | Reached XP level 2. HP: 16/17 MP: 2/2
   811 | D:1      | Reached XP level 3. HP: 22/22 MP: 3/3
  1023 | D:2      | Found a stormy altar of Qazlal.
  1030 | D:2      | Reached skill level 1 in Stealth
  1463 | D:2      | Reached skill level 1 in Armour
  1463 | D:2      | Reached XP level 4. HP: 27/27 MP: 4/4
  1672 | D:3      | Found a transporter.
  1687 | D:3      | Found a transporter.
  1806 | D:3      | Found a faded altar of an unknown god.
  1838 | D:3      | Found a sacrificial altar of Ru.
  1952 | D:3      | Found an ancient bone altar of Kikubaaqudgha.
  1952 | D:3      | Found a deep blue altar of Sif Muna.
  1954 | D:3      | Found a radiant altar of Vehumet.
  1957 | D:3      | Identified Vehumet's Almanac of Combat Magic
  2136 | D:3      | Reached XP level 5. HP: 30/32 MP: 5/5
  2392 | D:4      | Noticed an ogre
  2403 | D:4      | Killed an ogre
  2403 | D:4      | Reached XP level 6. HP: 37/37 MP: 6/6
  2798 | D:4      | Found a blossoming altar of Fedhas.
  2870 | D:4      | Reached XP level 7. HP: 14/41 MP: 7/7
  3301 | D:5      | Entered Level 5 of the Dungeon
  3670 | D:5      | Found a staircase to the Ecumenical Temple.
  3692 | Temple   | Entered the Ecumenical Temple
  3722 | Temple   | Became a worshipper of Ashenzari the Shackled
  3966 | D:5      | Found a stormy altar of Qazlal.
  4664 | D:5      | Found a shadowy altar of Dithmenos.
  4664 | D:5      | Found a burning altar of Makhleb.
  4823 | D:6      | Reached skill level 5 in Short Blades
  5093 | D:6      | Reached XP level 8. HP: 47/48 MP: 8/8
  5392 | D:6      | Found an iron altar of Okawaru.
  5797 | D:6      | Identified the ring "Ysaezasko" {rElec rC+ rN+ Str+2 Int+3}
  5811 | D:6      | Reached skill level 5 in Dodging
  5956 | D:6      | Reached * piety under Ashenzari
  6479 | D:7      | Noticed a hippogriff
  6506 | D:7      | Killed a hippogriff
  6506 | D:7      | Reached XP level 9. HP: 38/53 MP: 9/9
  6512 | D:7      | Reached skill level 5 in Fighting
  6868 | D:7      | Reached skill level 5 in Stealth
  7022 | D:8      | Found a glowing golden altar of the Shining One.
  7355 | D:8      | Slain by an orc warrior

Skill      XL: |  1  2  3  4  5  6  7  8  9 |
---------------+----------------------------+-----
Short Blades   | 3 4 5 6 |  6.6
Stealth        | 1 2 3 4 5 |  5.3
Armour         | 1 2 3 4 |  4.7
Dodging        | 3 4 5 6 |  6.0
Fighting       | 3 4 5 |  5.4
Throwing       | |  1.7

Action                   |  1- 3 |  4- 6 |  7- 9 || total
-------------------------+-------+-------+-------++-------
Melee: Dagger            |    86 |   166 |   648 ||   900
       Rapier            |     8 |       |       ||     8
Throw: Throwing net      |       |     1 |     2 ||     3
  Use: Potion            |       |       |     2 ||     2
 Stab: Sleeping          |     2 |       |     6 ||     8
       Invisible         |       |     1 |       ||     1
       Paralysed         |       |     1 |       ||     1
       Held in net/web   |       |     1 |       ||     1
       Distracted        |       |       |     1 ||     1
  Eat: Chunk             |     1 |     5 |    15 ||    21
Armor: Leather armour    |    24 |    58 |   193 ||   275
Dodge: Dodged            |    53 |   100 |   383 ||   536
